 Dungeon Crawl Stone Soup version 0.30.1-4-g462c640d31 (webtiles) character file.

Game seed: 2266730047287661127

332 DoctorOfPepper the Vexing (level 6, -4/53 HPs)
             Began as a Gnoll Wanderer on Sept 2, 2023.
             Was a Follower of Trog.
             Slain by an iguana (6 damage)
             ... on level 5 of the Dungeon.
             The game lasted 01:02:02 (3643 turns).

DoctorOfPepper the Vexing (Gnoll Wanderer)          Turns: 3643, Time: 01:02:03

Health: -4/53      AC: 13    Str: 12    XL:     6   Next: 52%
Magic:  11/11      EV:  1    Int: 11    God:    Trog [*.....]
Gold:   171        SH:  8    Dex: 13    Spells: 11/12 levels left

rFire   . . .        B - +0 trident
rCold   . . .        y - +0 kite shield {AC+3}
rNeg    . . .        f - +0 plate armour
rPois   .            (no helmet)
rElec   .            (no cloak)
rCorr   .            (no gloves)
SInv    .            (no boots)
Will    .....        (no amulet) Stlth
                     (no ring)
HPRegen 0.28/turn    (no ring)
MPRegen 0.12/turn

%: no passive effects
@: on berserk cooldown
A: fangs 1, strong nose, distributed training
a: Renounce Religion, Berserk


You were on level 5 of the Dungeon.
You worshipped Trog.
Trog was aware of your devotion.
You visited 2 branches of the dungeon, and saw 6 of its levels.

You collected 171 gold pieces.

Inventory:

Hand Weapons
 a - a +0 club
 g - a +0 whip
 h - a +0 club
 j - a +0 short sword {a}
 l - a +0 short sword
 m - a +0 sling
 n - a +0 dagger
 v - a +0 mace
 A - a +0 dagger
 B - a +0 trident (weapon)
 E - a +0 sling
 G - a +0 quarterstaff
 I - a +0 trident
 K - a +0 dagger
 O - a +0 trident
 P - a +1 vampiric dagger
 Q - a +0 dagger
Missiles
 k - 38 stones
 t - 4 javelins
 C - 4 boomerangs
 J - 9 poisoned darts
Armour
 d - a +0 robe
 f - a +0 plate armour (worn)
 i - a +0 robe
 p - a +0 scale mail
 s - a +3 scale mail
 y - a +0 kite shield of protection (worn)
 N - a +0 scale mail
 R - a +0 robe
Magical Staves
 z - a staff of death
Scrolls
 c - 3 scrolls of fog
 o - a scroll of magic mapping {unknown}
 r - a scroll of teleportation {unknown}
 u - a scroll of poison {unknown}
 x - 6 scrolls of immolation {unknown}
 D - a scroll of amnesia {unknown}
 F - a scroll of fear {unknown}
 H - 4 scrolls of identify {unknown}
Potions
 b - a potion of attraction
 e - a potion of mutation
 q - 5 potions of curing {unknown}
 w - 2 potions of heal wounds {unknown}
 L - a potion of brilliance {unknown}
 M - a potion of berserk rage {unknown}


   Skills:
 + Level 6.9 Fighting
 + Level 2.1 Short Blades
 + Level 2.1 Long Blades
 + Level 2.1 Axes
 + Level 2.1 Maces & Flails
 + Level 2.1 Polearms
 + Level 2.1 Staves
 + Level 2.1 Ranged Weapons
 + Level 2.1 Throwing
 + Level 2.1 Armour
 + Level 3.3 Dodging
 + Level 3.1 Stealth
 + Level 2.1 Shields
 + Level 2.1 Unarmed Combat
 + Level 3.5 Spellcasting
 + Level 1.6 Conjurations
 + Level 7.3 Hexes
 + Level 1.6 Summonings
 + Level 1.6 Necromancy
 + Level 1.6 Translocations
 + Level 1.6 Transmutations
 + Level 1.6 Fire Magic
 + Level 1.6 Ice Magic
 + Level 1.6 Air Magic
 + Level 1.6 Earth Magic
 + Level 1.6 Poison Magic
 + Level 2.3 Invocations
 + Level 2.1 Evocations


You had 11 spell levels left.
You knew the following spells:

 Your Spells              Type           Power      Damage    Failure   Level
a - Slow                  Hex            72%        N/A       100%        1

Your spell library contained the following spells:

 Spells                   Type           Power      Damage    Failure   Level
 Poisonous Vapours        Pois/Air       10%        N/A       100%        2
 Confusing Touch          Hex            18%        N/A       100%        3
 Mephitic Cloud           Conj/Pois/Air  5%         N/A       100%        3
 Cause Fear               Hex            9%         N/A       100%        4
 Freezing Cloud           Conj/Ice/Air   2%         6-21      100%        5


Dungeon Overview and Level Annotations

Branches:
Dungeon (5/15)             Temple (1/1) D:4

Altars:
Ashenzari
Cheibriados
Dithmenos
Elyvilon
Fedhas
Gozag
Hepliaklqana
Makhleb
Okawaru
Qazlal
Ru
Sif Muna
Trog
Vehumet
Wu Jian
Xom
The Shining One

Annotations:
D:4 Robin


Innate Abilities, Weirdness & Mutations

You have very sharp teeth.
Your uncanny sense of smell can sniff out nearby items.
Your experience applies equally to all skills.


Message History

You barely miss the adder.
The adder is moderately wounded.
The adder bites you but does no damage. x2; You block the adder's attack.
You miss the adder.
The adder is lightly wounded.
The adder bites you but does no damage. x3
You puncture the adder!
You kill the adder!
Trog accepts your kill. The iguana bites you.
* * * LOW HITPOINT WARNING * * *
You closely miss the iguana.
The iguana bites you but does no damage. x2
You closely miss the iguana.
The iguana bites you but does no damage. x2
You hit the iguana.
The iguana is lightly wounded.
You block the iguana's attack. The iguana bites you.
* * * LOW HITPOINT WARNING * * *
You hit the iguana.
The iguana is moderately wounded.
The iguana bites you.
* * * LOW HITPOINT WARNING * * *
The iguana bites you but does no damage.
You block the iguana's attack.
Found a robe.
You feel yourself speed up. The iguana attacks as you move away!
The iguana bites you but does no damage.
Okay, then.
The iguana attacks as you move away! The iguana bites you.
* * * LOW HITPOINT WARNING * * *
You hit the iguana. Your bite misses the iguana.
The iguana is heavily wounded.
The iguana bites you but does no damage.
You hit the iguana but do no damage.
The iguana is heavily wounded.
The iguana bites you but does no damage.
The iguana bites you.
You die...

..# .# ..# .#
#.......##..# .# #
#..#.#.. .#.###.### ..
##..#...# ........ ...
###....... #.#...##...
.........# ###.#.......#
.........###@l.....##..#
....$.......†..##.....#
...........<.#.....###...
.........#######........
....?....# ###.#....
.........# .#.....
...####### .# .... .. .#
[.. . .# ...


You could see an iguana.

Vanquished Creatures
  A black bear (D:3)
  A howler monkey (D:3)
  An orc priest (D:4)
  An orc wizard (D:5)
  4 adders
  2 worms
  2 dart slugs
  2 orcs (D:4)
  7 ball pythons
  5 bats
  6 endoplasms
  7 giant cockroaches
  10 goblins
  17 hobgoblins
  2 jackals (D:3)
  4 kobolds
  4 quokkas
  10 frilled lizards
  6 rats
92 creatures vanquished.

Notes
Turn   | Place    | Note
-------+----------+-------------------------------------------
     0 | D:1      | DoctorOfPepper the Gnoll Wanderer began the quest for the
                  | Orb.
     0 | D:1      | DoctorOfPepper set off with the following items: a +0 club,
                  | a potion of attraction, a scroll of fog, a +0 robe, a
                  | potion of mutation; and the following spell memorised:
                  | Slow; and the following spells available to memorise:
                  | Confusing Touch, Cause Fear.
     0 | D:1      | Reached XP level 1. HP: 23/23 MP: 4/4
   184 | D:1      | Reached XP level 2. HP: 29/29 MP: 5/5
   719 | D:1      | Reached XP level 3. HP: 35/35 MP: 7/7
  1023 | D:2      | Reached skill level 1 in Invocations
  1175 | D:2      | Reached skill level 1 in Short Blades
  1175 | D:2      | Reached skill level 1 in Long Blades
  1175 | D:2      | Reached skill level 1 in Axes
  1175 | D:2      | Reached skill level 1 in Maces & Flails
  1175 | D:2      | Reached skill level 1 in Polearms
  1175 | D:2      | Reached skill level 1 in Staves
  1175 | D:2      | Reached skill level 1 in Ranged Weapons
  1175 | D:2      | Reached skill level 1 in Throwing
  1175 | D:2      | Reached skill level 1 in Armour
  1175 | D:2      | Reached skill level 1 in Shields
  1175 | D:2      | Reached skill level 1 in Unarmed Combat
  1175 | D:2      | Reached skill level 1 in Evocations
  1552 | D:2      | Reached XP level 4. HP: 30/41 MP: 8/8
  1817 | D:2      | Found a faded altar of an unknown god.
  1819 | D:2      | Prayed at the altar of an unknown god.
  1819 | D:2      | Became a worshipper of Trog the Wrathful
  1819 | D:2      | Reached * piety under Trog
  1991 | D:3      | Reached skill level 1 in Conjurations
  1991 | D:3      | Reached skill level 1 in Summonings
  1991 | D:3      | Reached skill level 1 in Necromancy
  1991 | D:3      | Reached skill level 1 in Translocations
  1991 | D:3      | Reached skill level 1 in Transmutations
  1991 | D:3      | Reached skill level 1 in Fire Magic
  1991 | D:3      | Reached skill level 1 in Ice Magic
  1991 | D:3      | Reached skill level 1 in Air Magic
  1991 | D:3      | Reached skill level 1 in Earth Magic
  1991 | D:3      | Reached skill level 1 in Poison Magic
  2022 | D:3      | Reached XP level 5. HP: 41/47 MP: 9/9
  2254 | D:3      | Found a glowing drain.
  2582 | D:3      | Noticed a black bear
  2588 | D:3      | Killed a black bear
  2589 | D:3      | Reached XP level 6. HP: 53/53 MP: 9/11
  2951 | D:4      | Found a staircase to the Ecumenical Temple.
  2997 | Temple   | Entered the Ecumenical Temple
  3286 | D:4      | Noticed Robin
  3540 | D:5      | Entered Level 5 of the Dungeon
  3596 | D:5      | Reached ** piety under Trog
  3641 | D:5      | HP: 1/53 [iguana (5)]
  3643 | D:5      | Slain by an iguana

Illustrated notes

Levels and vault maps discovered:
D:1:      lemuel_arrival_behind_the_door_small, layout_rooms
D:2:      layout_loops_cross, chequers_ecumenical_altar_twisty,
          minmay_lizard_pond
D:3:      layout_basic, cheibrodos_sewer_entry_bend, minmay_distorted
D:4:      layout_loops_cross, minmay_temple_entry_tees, serial_shops, shop,
          uniq_crazy_yiuf_cottage, uniq_robin
D:5:      layout_rooms, gammafunk_temple_overflow_statue, serial_aquarium,
          aquarium_bridge_long_separate [aquarium_subvault_window,
          aquarium_subvault_window, aquarium_subvault_bridge,
          aquarium_subvault_bridge, aquarium_subvault_wall,
          aquarium_subvault_bridge], aquarium_bridge_square
          [aquarium_subvault_bridge, aquarium_subvault_bridge,
          aquarium_subvault_wall, aquarium_subvault_window],
          aquarium_window_corner, aquarium_window_fake,
          aquarium_window_corridor_1, aquarium_window_2, aquarium_view_4,
          aquarium_view_2a, aquarium_pool_1, kennysheep_dice, uniq_eustachio
Temple:   sentei_temple_godly_chess

Skill      XL: |  1  2  3  4  5  6 |
---------------+-------------------+-----
Invocations    | 1 2 |  2.3
Short Blades   | 1 2 |  2.1
Long Blades    | 1 2 |  2.1
Axes           | 1 2 |  2.1
Maces & Flails | 1 2 |  2.1
Polearms       | 1 2 |  2.1
Staves         | 1 2 |  2.1
Ranged Weapons | 1 2 |  2.1
Throwing       | 1 2 |  2.1
Armour         | 1 2 |  2.1
Shields        | 1 2 |  2.1
Unarmed Combat | 1 2 |  2.1
Evocations     | 1 2 |  2.1
Spellcasting   | 3 |  3.5
Conjurations   | 1 |  1.6
Summonings     | 1 |  1.6
Necromancy     | 1 |  1.6
Translocations | 1 |  1.6
Transmutations | 1 |  1.6
Fire Magic     | 1 |  1.6
Ice Magic      | 1 |  1.6
Air Magic      | 1 |  1.6
Earth Magic    | 1 |  1.6
Poison Magic   | 1 |  1.6
Dodging        | 3 |  3.3
Stealth        | 3 |  3.1
Fighting       | |  6.9
Hexes          | |  7.3

Action                     |  1- 3 |  4- 6 || total
---------------------------+-------+-------++-------
  Melee: Club              |    78 |       ||    78
         Bite              |    21 |    10 ||    31
         Punch             |     2 |       ||     2
         Short sword       |   103 |    19 ||   122
         Mace              |    47 |       ||    47
         Trident           |       |   167 ||   167
 Invoke: Berserk           |       |     4 ||     4
         Trog's Hand       |       |     1 ||     1
 Armour: Plate armour      |   140 |   203 ||   343
         Scale mail        |    21 |       ||    21
         Skin              |     2 |       ||     2
  Dodge: Dodged            |    39 |    10 ||    49
  Block: Kite shield       |    13 |    87 ||   100
